[Event "Aktobe Open 2022"]
[Site "Aktobe"]
[Date "2022.06.16"]
[Round "3.6"]
[White "Dauletova, Gulmira"]
[Black "Utegaliyev, Azamat"]
[Result "0-1"]
[ECO "B06"]
[WhiteElo "2220"]
[BlackElo "2463"]
[Annotator "TA"]
[PlyCount "129"]
[EventDate "2022.06.14"]
[EventType "swiss"]
[EventCountry "KAZ"]
[SourceTitle "playchess.com"]
[Source "ChessBase"]
[SourceQuality "1"]
[TimeControl "5400+30"]

1. e4 g6 2. d4 Bg7 3. Nc3 a6 4. Be3 b5 5. Qd2 Bb7 6. f3 {[%emt 0:03:01] B06: Modern Defence.} d6 7. h4 Nf6 8. Bh6 {[%emt 0:00:47] White has an edge.} Bxh6 9. Qxh6 {[%emt 0:00:20] [#]} e5 $146 ({Predecessor:} 9... b4 10. Nce2 c5 11. d5 Nbd7 12. Nh3 c4 13. Nhf4 Ne5 14. h5 Rg8 15. hxg6 hxg6 {0-1 (43) Eggink,R (2402)-Cardoso Cardoso,J (2380) Chess.com INT 2020}) 10. O-O-O {[%emt 0:26:19] aiming for dxe5.} Qe7 11. d5 Nbd7 12. g4 b4 13. Nb1 Nc5 14. h5 Nfd7 15. hxg6 fxg6 16. Nh3 Qf8 17. Ng5 Nf6 ({Better is} 17... Ke7 $11) 18. c3 a5 19. Bb5+ Ke7 $1 20. Rd2 Qxh6 {[%emt 0:01:15] Really sharp!} 21. Rxh6 Kf8 22. Rh1 (22. Rdh2 $11) 22... Bc8 (22... h5 $15) 23. Rdh2 Kg7 24. Kc2 h6 25. Nh3 $1 Bd7 26. Bxd7 Nfxd7 27. Nd2 Rab8 28. Nf2 a4 29. b3 axb3+ 30. axb3 bxc3 31. Kxc3 Ra8 32. Nd3 Nxd3 33. Kxd3 Nc5+ (33... Ra2 {keeps more tension.} 34. Rc1 Nc5+ 35. Kc3 Rf8) 34. Kc3 Ra3 35. Kb2 Nd3+ 36. Kc3 {[%emt 0:00:01] Threatens to win with Nc4.} Nf4 37. Nc4 Raa8 38. b4 h5 39. gxh5 gxh5 40. Na5 (40. b5 $11) 40... Kf6 $15 41. Kb3 Rag8 42. Rc1 {[%emt 0:00:20] [#]} (42. b5 $15) 42... Rh7 $1 $17 43. b5 Rg3 44. Rc3 (44. Rf1 $17 {was necessary.}) 44... h4 $19 45. Nc4 h3 46. b6 cxb6 {[%emt 0:00:54] And now ...Rg2 would win.} 47. Nxd6 Rg2 48. Rc2 Rh8 ({Inferior is} 48... Rd7 49. Nf5 $11) ({Black should try} 48... b5 49. Nxb5 Rhg7) 49. Nf5 $2 {[%emt 0:00:22][%mdl 8192] This move loses the game for White.} (49. Nc4 $17) 49... Rxh2 50. Rxh2 {[%emt 0:00:01] [#]} Nxd5 {[%emt 0:00:17][%mdl 4608] Endgame KRN-KRN} 51. Kc4 (51. Rh1 Ne7) 51... Nf4 52. Ne3 Rg8 53. Kb5 (53. Rh1 $142) 53... Rg3 54. Rf2 {[%emt 0:00:08] [#]} Rg2 $1 55. Rf1 Rb2+ 56. Kc6 b5 57. Ng4+ Kg5 58. Nxe5 Kh4 59. Ng4 Kg3 {[%emt 0:00:14] Inhibits Nf2.} 60. e5 Rb3 $2 (60... Re2 61. Kd6 b4) 61. Rg1+ $2 (61. Nf2) 61... Kxf3 62. Nh2+ Ke4 63. Rg5 $2 (63. Re1+ Kf5 64. Rf1) 63... Rb2 64. Nf1 Rg2 65. Rg3 {[%emt 0:01:30] Weighted Error Value: White=0.51/Black=0.22 (precise)} 0-1

[Event "Aktobe Open 2022"]
[Site "Aktobe"]
[Date "2022.06.16"]
[Round "3.7"]
[White "Agmanov, Zhandos"]
[Black "Bekturov, Tamerlan"]
[Result "1-0"]
[ECO "B51"]
[WhiteElo "2420"]
[BlackElo "2241"]
[Annotator "TA"]
[PlyCount "77"]
[EventDate "2022.06.14"]
[EventType "swiss"]
[EventCountry "KAZ"]
[SourceTitle "playchess.com"]
[Source "ChessBase"]
[SourceQuality "1"]
[TimeControl "5400+30"]

1. e4 {[%emt 0:00:10] ChessBase II} c5 2. Nf3 d6 3. Bb5+ Nd7 4. d4 cxd4 5. Nxd4 a6 6. Bd3 {[%emt 0:09:10] B51: Sicilian: Moscow Variation (3 Bb5+) without 3...Bd7.} Ngf6 7. c4 e6 8. O-O {[%emt 0:01:19] White is slightly better.} b6 9. Nc3 Bb7 10. Qe2 Be7 11. f4 O-O 12. Kh1 g6 {[%emt 0:12:15] [#]} 13. Bd2 $146 ({Predecessor:} 13. f5 exf5 14. exf5 Ne5 15. Bg5 Re8 16. Rae1 Nh5 17. fxg6 hxg6 18. Bxe7 Qxe7 19. Nf5 Qd7 20. Nh6+ Kg7 21. Nf5+ Kg8 22. Nh6+ Kg7 23. Nf5+ Kg8 {½-½ (24) Xu,Y (2477)-Koneru,H (2616) China 2008 EXT 2017 [ChessBase II]}) 13... Qb8 (13... Re8 $11) 14. Rae1 {[%emt 0:02:05] White is more active.} Nc5 ({Better is} 14... Re8 $14) 15. Bc2 e5 16. Nf3 b5 (16... exf4 $16 17. Bxf4 Re8) 17. fxe5 $18 (17. cxb5 axb5 18. a3 (18. Qxb5 Ba6 $17) 18... Rc8 $11) 17... dxe5 {[%emt 0:00:08] [#]} 18. b4 $1 (18. cxb5 axb5 19. a3 (19. Qxb5 Ba6 $17) 19... Rc8 $11) 18... Ne6 19. Nd5 (19. cxb5 axb5 20. Qxb5 Ba6 21. Qxb8 Rfxb8 $11) 19... Bd8 20. Bc3 Nf4 21. Nxf4 (21. Bxe5 Nxe2 22. Bxb8 Rxb8 $15) 21... exf4 22. Be5 Qc8 23. c5 (23. cxb5 $6 axb5 24. Bb3 (24. Qxb5 Ba6 $17) 24... Bxe4 25. Bxf4 (25. Qxb5 Qc6 $16) 25... Re8) (23. Bxf4 Qxc4 24. Qxc4 bxc4 $14) 23... a5 24. a3 (24. Qxb5 Ba6 25. Qa4 Bxf1 26. Rxf1 axb4 27. Qxb4 Be7 28. Bxf6 (28. Qc4 $2 Ng4 $19) 28... Bxf6 $15) 24... axb4 25. axb4 Ra2 26. Ra1 ({And not} 26. Bxf4 Bxe4 27. Nd4 (27. Bxe4 Rxe2 28. Rxe2 Nxe4 $17) 27... Bxc2 28. Nxc2 Qf5 $11) 26... Rxa1 27. Rxa1 ({Don't take} 27. Bxa1 Qa8 $16) 27... Qe6 (27... Ng4 $142) 28. Qxb5 (28. Ra7 $18 Bc6 29. Bd6 Nxe4 30. Nd4) 28... Bxe4 $16 29. Bxe4 Nxe4 30. Qe2 {[%emt 0:02:06] Inhibits Nf2+.} Qf5 {[%emt 0:02:07][%mdl 8192] [#]} (30... Qd5 $16 {is more resistant.} 31. Qa2 Qd3) 31. Re1 $18 Nf6 32. Bd6 Re8 33. Qxe8+ Nxe8 34. Rxe8+ Kg7 35. Rxd8 g5 36. c6 {[%emt 0:00:39][%cal Bc5c6,Bc6c7][%mdl 32] White mates.} Qb1+ 37. Ng1 f3 38. gxf3 g4 39. c7 {[%emt 0:00:26] Weighted Error Value: White=0.17 (very precise) /Black=0.61} 1-0

[Event "Aktobe Open 2022"]
[Site "Aktobe"]
[Date "2022.06.16"]
[Round "3.9"]
[White "Nurgaliyeva, Zarina"]
[Black "Kostenko, Petr"]
[Result "0-1"]
[ECO "C01"]
[WhiteElo "1935"]
[BlackElo "2416"]
[Annotator "TA"]
[PlyCount "72"]
[EventDate "2022.06.14"]
[EventType "swiss"]
[EventCountry "KAZ"]
[SourceTitle "playchess.com"]
[Source "ChessBase"]
[SourceQuality "1"]
[TimeControl "5400+30"]

1. e4 e6 2. d4 d5 3. exd5 exd5 4. Nf3 Bd6 5. c4 Nf6 6. c5 Be7 7. Qa4+ {[%emt 0:00:29] C01: French: Exchange Variation.} c6 (7... Bd7 $5 8. Bb5 O-O $11) 8. Bd3 O-O 9. O-O {[%emt 0:00:49] White is slightly better.} Ne4 10. Qc2 f5 {[%emt 0:02:19] [#]} 11. Ne5 $146 ({Predecessor:} 11. b4 Nd7 12. a4 Qe8 13. Nbd2 g5 14. Bb2 a5 15. b5 g4 16. Ne1 Qh5 17. f3 {½-½ (36) Kasparian,G-Botvinnik,M Moscow 1952}) 11... Nd7 {[%emt 0:04:17] With the idea ...Nxe5.} 12. Nxd7 Qxd7 13. f3 Ng5 14. Bf4 b6 15. b4 bxc5 (15... Bf6 $5 16. Qf2 g6 $15) 16. bxc5 Bf6 17. Be5 ({Better is} 17. Qf2 $11) 17... Bxe5 $15 18. dxe5 Qe7 $36 {[%emt 0:00:40][%mdl 2048] Black has the initiative.} 19. Re1 Ne6 20. Bxf5 Qxc5+ 21. Qxc5 Nxc5 22. Bxc8 Raxc8 23. Nd2 Ne6 24. Nb3 c5 {[%emt 0:00:08][%cal Bc6c5,Bc5c4,Bc4c3,Bc3d2][%mdl 32] aiming for ...c4.} 25. Red1 Rfd8 {[%emt 0:00:17] White must now prevent ...d4.} 26. Rac1 g5 27. Na5 {[%emt 0:04:16] [#]} Rc7 {[%emt 0:00:24] Prevents Nb7.} 28. Rb1 $2 {[%emt 0:02:14] Now White is beyond hope.} (28. Nb3 $17 {keeps fighting.}) 28... c4 $19 29. Nb7 Rb8 30. Nd6 Rxb1 31. Rxb1 {[%emt 0:00:04][%mdl 4096] Endgame KRN-KRN} c3 32. Kf2 ({Much worse is} 32. Rb8+ Kg7 33. Rb1 (33. Ne8+ $2 Kf7 $19) 33... c2 $19) 32... d4 33. Ke1 $2 (33. Rb8+ Nf8 34. Rb1) 33... d3 {[%emt 0:03:41] [#] ( -> ...d2+)} 34. Ne4 Kg7 (34... c2 $142 35. Rc1 Nf4) 35. Kf2 $2 (35. Rc1 d2+ 36. Nxd2 cxd2+ 37. Kxd2) 35... d2 36. Nxd2 cxd2 {[%emt 0:00:05] Weighted Error Value: White=0.51/Black=0.28 (precise)} 0-1

[Event "Aktobe Open 2022"]
[Site "Aktobe"]
[Date "2022.06.16"]
[Round "3.10"]
[White "Katenov, Aibek"]
[Black "Afanasiev, Nikita"]
[Result "1-0"]
[ECO "E64"]
[WhiteElo "2161"]
[BlackElo "2567"]
[Annotator "TA"]
[PlyCount "93"]
[EventDate "2022.06.14"]
[EventType "swiss"]
[EventCountry "KAZ"]
[SourceTitle "playchess.com"]
[Source "ChessBase"]
[SourceQuality "1"]
[TimeControl "5400+30"]

1. d4 g6 2. c4 Nf6 3. g3 c5 4. d5 Bg7 5. Nc3 O-O 6. Bg2 e6 {[%emt 0:00:25] is recently more successful than 6...d6.} 7. Nf3 d6 8. O-O {[%emt 0:00:02] E64: King's Indian: Fianchetto: 6...c5 7 d5.} Re8 {[%emt 0:00:42] [#]} 9. Bf4 $146 ({Predecessor:} 9. Re1 Na6 10. h3 exd5 11. cxd5 Ne4 12. Nxe4 Rxe4 13. Nd2 Re7 14. a4 Nb4 15. Nc4 b6 {1-0 (61) Lagarde,M (2625)-Warmerdam,M (2562) Athens 2021}) 9... e5 10. Bd2 {[%emt 0:02:28] White is slightly better.} e4 11. Ne1 h6 12. Nc2 a6 13. Ne3 (13. Qc1 $5 ) 13... Nbd7 14. Qc2 Qe7 15. a3 Nf8 16. b4 N6d7 ({Better is} 16... N8d7 $14) 17. Nxe4 Bxa1 $14 18. Rxa1 f5 {[%emt 0:00:10] Against Ng4} 19. Nc3 {[%emt 0:03:26][%cal Be4c3,Bc3a4,Ba4b6][%mdl 1056] White has compensation.} Qg7 20. Rb1 Nh7 {[%emt 0:06:21] Black is on the road to losing.} (20... b6 $14) 21. Na4 $16 {[%emt 0:02:55] bxc5 is the strong threat.} b6 22. Bc3 Qf7 {[%emt 0:06:21] [#]} 23. Nxb6 $1 {[%emt 0:02:43][%mdl 576] Remove Defender, Deflection. White is more active.} Nxb6 24. bxc5 {[%emt 0:00:01][%mdl 64] Discovered Attack} Nd7 (24... Rxe3 $2 25. fxe3 Nd7 26. cxd6 $18) 25. cxd6 Ng5 26. Bd4 Kh7 {[%emt 0:02:54] [#]} 27. h4 $1 f4 $2 (27... Ne4 28. c5 Rb8) 28. hxg5 fxe3 29. fxe3 Qf5 30. Qxf5 {[%emt 0:04:05] The board is on fire.} gxf5 31. gxh6 (31. c5 Nxc5 32. Bxc5 hxg5 $18) 31... Kxh6 32. c5 Kg5 33. c6 {[%emt 0:00:26] Strongly threatening e4.} Ne5 (33... Nf6 {is a better defense.} 34. Rb6 (34. d7 Bxd7 35. cxd7 Nxd7 $18) 34... Rf8) 34. d7 ({Less strong is} 34. Bxe5 Rxe5 35. Kf2 (35. d7 Bxd7 36. Kf2 Bxc6 $14) 35... Re8 $18) (34. Rf1 $142) 34... Nxd7 35. cxd7 Bxd7 36. Rb7 Bb5 37. Bf3 Rac8 38. Kf2 Rc2 $2 (38... Rg8 39. Be5 Rce8) 39. g4 (39. Rb6 $142) 39... fxg4 $18 40. Rg7+ Kh6 41. Rxg4 Ra2 42. e4 Rxa3 43. e5 Ra2 (43... Bc4 $142 44. Be3+ Rxe3) 44. e6 {[%emt 0:00:16] White wants to mate with Be3+.} Kh7 45. Be4+ {[%emt 0:01:39] White mates.} Kh6 46. Be3+ {[%emt 0:00:23] A strong pair of Bishops.} Kh5 47. Kg3 {[%emt 0:00:36] Weighted Error Value: White=0.26 (precise) /Black=0.49} 1-0

[Event "Aktobe Open 2022"]
[Site "Aktobe"]
[Date "2022.06.16"]
[Round "4.1"]
[White "Nogerbek, Kazybek"]
[Black "Ponkratov, Pavel"]
[Result "1/2-1/2"]
[ECO "A33"]
[WhiteElo "2424"]
[BlackElo "2624"]
[Annotator "TA"]
[PlyCount "63"]
[EventDate "2022.06.14"]
[EventType "swiss"]
[EventCountry "KAZ"]
[SourceTitle "playchess.com"]
[Source "ChessBase"]
[SourceQuality "1"]
[TimeControl "5400+30"]

1. Nf3 Nf6 2. c4 c5 3. Nc3 e6 4. d4 cxd4 5. Nxd4 Nc6 6. g3 Qb6 7. Nb3 Ne5 {[%emt 0:00:08] A33: Symmetrical English: 2 Nf3 Nf6 3 d4 cxd4 4 Nxd4 e6 5 Nc3 Nc6.} 8. Bg2 {[%emt 0:00:05] Against Qc6} Nxc4 9. O-O Bb4 10. e4 Bxc3 11. bxc3 d6 {[%emt 0:00:07] [#]} 12. Nd2 $146 ({Predecessor:} 12. Bg5 e5 13. Rb1 Qc7 14. Qc1 h6 15. Bxf6 gxf6 16. Na1 h5 17. h4 Be6 18. Nc2 {½-½ (62) Kalashian,D (2451)-Petrosian,D (2501) Yerevan 2010}) 12... Nxd2 13. Qxd2 O-O 14. Rd1 e5 15. Qxd6 Qxd6 16. Rxd6 Be6 17. a4 Rfc8 18. a5 Rxc3 19. Bb2 Rc5 20. f4 Ne8 21. Rd2 f6 22. Rf2 (22. Ra4 $11) 22... h6 (22... Nd6 $17) 23. a6 $15 bxa6 24. fxe5 fxe5 25. Ba3 {[%emt 0:00:05] This bishop pair is nice.} Ra5 26. Rf8+ Kh7 27. Bb2 {[%emt 0:10:27] The position is equal.} Rxa1+ 28. Bxa1 a5 29. Bf1 a4 30. Bb5 Nc7 31. Rxa8 Nxa8 32. Bxa4 {[%emt 0:00:09] Weighted Error Value: White=0.10 (very precise) /Black=0.07 (flawless)} 1/2-1/2

[Event "Aktobe Open 2022"]
[Site "Aktobe"]
[Date "2022.06.16"]
[Round "4.2"]
[White "Vakhidov, Jakhongir"]
[Black "Agmanov, Zhandos"]
[Result "0-1"]
[ECO "A29"]
[WhiteElo "2552"]
[BlackElo "2420"]
[Annotator "TA"]
[PlyCount "194"]
[EventDate "2022.06.14"]
[EventType "swiss"]
[EventCountry "KAZ"]
[SourceTitle "playchess.com"]
[Source "ChessBase"]
[SourceQuality "1"]
[TimeControl "5400+30"]

1. c4 Nf6 2. Nc3 e5 3. Nf3 Nc6 4. g3 Nd4 5. Bg2 Nxf3+ 6. Bxf3 Bb4 7. Qb3 Bc5 8. O-O ({Avoid the trap} 8. Bxb7 $2 Rb8 9. O-O Bxb7 $19) 8... O-O {[%emt 0:01:35] A29: English Opening: Four Knights Variation with 4 g3.} 9. Na4 Be7 10. d4 exd4 {[%emt 0:33:31][%cal Od7d5] White has an edge.} 11. Rd1 d6 12. Rxd4 Nd7 13. Bf4 (13. Bxb7 $2 Rb8 14. Bxc8 Rxb3 15. Bxd7 Rb4 $19) 13... Bf6 14. Rd2 Qe7 15. Nc3 {[%emt 0:03:28] [#]} ({Not} 15. Bxb7 $2 Rb8 16. Qe3 Qxe3 17. Bxe3 Bxb7 $19) 15... Bxc3 $146 ({Predecessor:} 15... Be5 16. Nd5 Qd8 17. Rad1 Rb8 18. Qe3 Bxf4 19. Nxf4 b6 20. b4 Ba6 21. Qc3 Qc8 22. Bd5 Nf6 23. Bc6 Bb7 24. Nd5 Nxd5 25. cxd5 Bxc6 {½-½ (25) Depasse,J (2253)-Pascual Perez,N (2243) LSS email 2013}) 16. Qxc3 ({Don't play} 16. bxc3 Re8 $11) 16... Nc5 17. Qc2 Re8 18. Be3 Ne4 19. Bxe4 Qxe4 20. Qxe4 Rxe4 21. c5 Bd7 22. cxd6 cxd6 23. Rxd6 Bc6 24. Rad1 f6 25. Kf1 a6 26. Ke1 Rae8 27. Rc1 R4e6 28. Rd4 Re4 29. Kd2 Kf7 30. Rxe4 Rxe4 $14 {[%emt 0:00:11][%mdl 4096] Endgame KRB-KRB} 31. f3 Re5 32. Bd4 Rd5 33. Kc3 Rd8 34. g4 Bb5 35. Re1 Rc8+ 36. Kd2 Rd8 37. Ke3 Re8+ 38. Kf2 Bc4 39. a3 Rd8 40. e3 Rc8 41. e4 Bb3 42. Bc3 Rd8 43. Re3 {[%emt 0:03:52] Threatens to win with Ba5.} Be6 44. h3 h5 45. Re1 hxg4 46. hxg4 Rd3 47. Rh1 Bd7 48. g5 fxg5 49. Rh7 g4 ({Better is} 49... Kf8 $1 $14) 50. fxg4 $16 Bc6 51. Rxg7+ Kf8 52. Rc7 Bxe4 53. g5 Rf3+ 54. Ke2 {[%emt 0:00:02][%cal Og5g6] [#] Black must now prevent g6!} Rg3 55. Bf6 Bc6 56. Kd2 Be4 57. a4 Bc6 58. a5 Bd5 59. Rc5 Bc6 60. Be5 Rg2+ 61. Kc3 Kf7 62. Bf6 Rg4 63. Re5 Kg6 64. Re6 Kf5 65. Re7 Kg6 66. Rc7 Kf5 67. Rg7 Bd5 68. Bd8 Rc4+ 69. Kd3 Rg4 70. Rd7 Ke6 71. Rg7 Kf5 72. Rh7 Kg6 73. Rh6+ Kg7 74. Rd6 Bc6 75. Kc3 Kf7 76. Bf6 Kg6 77. b3 Kf5 78. Bd8 Bg2 79. b4 Ke5 80. Rh6 Be4 81. Be7 Rg3+ 82. Kd2 ({White should play} 82. Kc4 $14 Rg2 83. Kc5) 82... Rg2+ $11 83. Ke3 Rg3+ 84. Kf2 Rg2+ 85. Kf1 Rg4 86. Bd8 Kf4 87. Re6 Ke3 88. Re8 Kd3 89. Rf8 Kd2 90. Bc7 Ke3 {[%emt 0:00:40] [#] ( -> ...Bd3+)} 91. Bb6+ Kd2 92. Rd8+ Kc3 93. Be3 Kxb4 94. Bd2+ Kc4 95. Kf2 Bd5 96. Rd6 Rg2+ 97. Kf1 $2 (97. Ke1 $11) 97... Rxd2 {[%emt 0:00:07] Weighted Error Value: White=0.04 (flawless) /Black=0.04 (flawless)} 0-1

[Event "Aktobe Open 2022"]
[Site "Aktobe"]
[Date "2022.06.16"]
[Round "4.3"]
[White "Utegaliyev, Azamat"]
[Black "Kostenko, Petr"]
[Result "1-0"]
[ECO "A43"]
[WhiteElo "2463"]
[BlackElo "2416"]
[Annotator "TA"]
[PlyCount "50"]
[EventDate "2022.06.14"]
[EventType "swiss"]
[EventCountry "KAZ"]
[SourceTitle "playchess.com"]
[Source "ChessBase"]
[SourceQuality "1"]
[TimeControl "5400+30"]

1. d4 c5 2. d5 d6 3. e4 Nf6 4. Nc3 g6 5. Bb5+ Bd7 6. a4 Bg7 7. Nf3 O-O 8. O-O Na6 {[%emt 0:07:03] 8...Bxb5 gains popularity.} 9. Re1 Bxb5 {[%emt 0:01:16] A43: Schmid Benoni.} 10. Nxb5 Nc7 11. c4 Nxb5 {[%emt 0:00:20] White is slightly better.} 12. axb5 {[%emt 0:00:04][%cal Ba4b5,Bb5a6][%mdl 32] [#]} a6 $146 ({Predecessor:} 12... Nd7 13. Re3 a5 14. Qc2 Re8 15. Bd2 e6 16. dxe6 Rxe6 17. Bc3 h6 18. h3 Kh7 {0-1 (41) Dobosz,H (2409)-Kuklin,V (2340) Germany 2011}) 13. bxa6 Qb6 14. e5 Ng4 15. exd6 exd6 16. h3 Nf6 17. Bf4 {[%emt 0:00:18][%cal Oa6a7] And now a7! would win.} Rxa6 18. Rxa6 Qxa6 19. b3 Ra8 20. g4 Bf8 (20... b5 $5 ) 21. Bg5 Nd7 22. Qd3 Rb8 23. Qe4 b5 24. Kg2 Qa2 25. Re3 Rc8 {[%emt 0:04:24] Weighted Error Value: White=0.12 (very precise) /Black=0.04 (flawless)} ({Black should play} 25... h6 $11 26. Bh4 Nb6) 1-0

[Event "Aktobe Open 2022"]
[Site "Aktobe"]
[Date "2022.06.16"]
[Round "4.4"]
[White "Sadubayev, Airat"]
[Black "Nesterov, Arseniy"]
[Result "1/2-1/2"]
[ECO "C52"]
[WhiteElo "2317"]
[BlackElo "2569"]
[Annotator "TA"]
[PlyCount "116"]
[EventDate "2022.06.14"]
[EventType "swiss"]
[EventCountry "KAZ"]
[SourceTitle "playchess.com"]
[Source "ChessBase"]
[SourceQuality "1"]
[TimeControl "5400+30"]

1. e4 e5 2. Nf3 Nc6 3. Bc4 Bc5 4. b4 Bxb4 5. c3 Ba5 6. d4 d6 7. Qb3 Qd7 8. O-O Bb6 $1 {[%emt 0:00:30] C52: Evans Gambit Accepted: 5 c3 Ba5.} 9. Nbd2 $1 {[%emt 0:00:32][%mdl 4] outshines the older 9.Bb5.} Na5 10. Qc2 f6 {[%emt 0:00:41] Black is slightly better.} 11. a4 Ne7 $1 {[%emt 0:02:02] [#]} 12. Ba3 $146 ({Predecessor:} 12. Ba2 Nec6 13. Rb1 exd4 14. cxd4 Bxd4 15. Re1 Bc5 16. e5 fxe5 17. Ne4 Bb6 18. Bg5 {½-½ (54) Kahl,F (2413)-Zielinski,S (2357) LSS email 2020}) 12... Ng6 13. Rfd1 Qe7 14. Rab1 Be6 15. Bxe6 Qxe6 16. Bb4 O-O 17. d5 (17. g3 $11) 17... Qd7 (17... Qg4 {is more complex.} 18. h3 Qh5 19. Bxa5 Bxa5 20. Rxb7 Bb6) 18. c4 c5 (18... Nf4 {keeps more tension.} 19. Nf1 Qg4 20. Ng3 h5) 19. Bc3 Bc7 (19... Nf4 {feels hotter.} 20. Re1 Bc7 21. g3 Qg4) 20. g3 Ne7 21. Rb2 b6 (21... Qh3 {with more complications.} 22. Nh4 b6 23. Rf1 Nb7) 22. Ra1 Nb7 (22... Qh3 {seems wilder.} 23. Nh4 Nb7 24. Qd3 Rf7) 23. Nf1 h6 24. Ne3 g6 (24... f5 $11) 25. Nh4 $14 Nd8 (25... Rf7 $14) 26. f4 exf4 (26... g5 $16) 27. gxf4 $18 {[%emt 0:00:09] [#] Black must now prevent Qg2.} Qh3 28. Qf2 {[%emt 0:01:24] Active counter play!} g5 29. Nhg2 Ng6 30. Qg3 Qxg3 31. hxg3 {[%emt 0:00:02] Ng4 is the strong threat.} h5 {[%emt 0:01:03] Inhibits Ng4.} (31... Nf7 $16) 32. Kf2 {[%emt 0:00:52][%mdl 1024] White has strong compensation.} h4 33. Rh1 {[%emt 0:02:00] aiming for Ng4.} Nf7 34. Ng4 (34. Bxf6 Rae8 $11) (34. Nf5 $18) 34... Bd8 $16 35. f5 ({Stronger than} 35. Nxf6+ Bxf6 36. Bxf6 {[#]} Nfe5 $1 37. Bxe5 (37. fxe5 Nxe5 38. Ne3 Rxf6+ 39. Kg2 hxg3 $17) 37... Nxe5 $15) ({But not} 35. gxh4 gxf4 36. Rg1 (36. Nxf6+ Bxf6 37. Bxf6 Nh6 $17) 36... Kh7 $11) (35. Bxf6 Bxf6 36. Nxf6+ Kg7 $17) 35... hxg3+ (35... Nge5 $16 36. Bxe5 Nxe5 37. Nxe5 fxe5) 36. Kxg3 $18 Nge5 37. Bxe5 dxe5 38. Nh6+ Nxh6 39. Rxh6 {[%emt 0:00:02] Threatens to win with Ne3.} Kg7 40. Rh1 ({White must play} 40. Rg6+ $16 Kf7 41. Ne3) 40... Bc7 $11 {[%emt 0:00:47] The position is equal.} 41. Ne3 Rh8 $36 {[%emt 0:00:11][%mdl 2048] Black has the initiative.} 42. Rbh2 Rxh2 43. Rxh2 Rh8 44. Rxh8 Kxh8 {[%emt 0:00:02][%mdl 4096] Endgame KB-KN} 45. Kg4 Kg7 46. Kh5 Bd6 47. Nd1 a6 48. Nc3 Bc7 49. d6 Bxd6 50. Nd5 {[%emt 0:00:01] Prevents Bc7.} Bb8 51. Nxb6 Bc7 52. Nd7 Bd6 53. Nb6 Bc7 54. Nd5 Ba5 55. Ne3 Bd2 56. Nd5 Ba5 57. Kg4 Kf7 58. Kf3 Kg7 {[%emt 0:00:30] Black escapes into a draw.  Weighted Error Value: White=0.11 (very precise) /Black=0.14 (very precise)} 1/2-1/2

[Event "Aktobe Open 2022"]
[Site "Aktobe"]
[Date "2022.06.16"]
[Round "4.6"]
[White "Rychagov, Andrey"]
[Black "Kekelidze, Mikheil"]
[Result "1-0"]
[ECO "E21"]
[WhiteElo "2549"]
[BlackElo "2388"]
[Annotator "TA"]
[PlyCount "89"]
[EventDate "2022.06.14"]
[EventType "swiss"]
[EventCountry "KAZ"]
[SourceTitle "playchess.com"]
[Source "ChessBase"]
[SourceQuality "1"]
[TimeControl "5400+30"]

1. d4 Nf6 2. c4 e6 3. Nf3 Nc6 4. Nc3 Bb4 5. Bd2 d5 6. a3 {[%emt 0:05:06] E21: Nimzo-Indian: 4 Nf3.} Bxc3 7. Bxc3 dxc4 8. e3 {[%emt 0:05:05] [#] White has an edge.} Qd5 $146 ({Predecessor:} 8... b5 9. b3 Ba6 10. bxc4 Ne4 11. cxb5 Nxc3 12. Qc2 Ne7 13. Qxc3 Bb7 14. Be2 O-O {0-1 (31) Chaiongkarn,B (1401)-Sutthithamwasi,N (1890) Bangkok 2017}) 9. Qc2 {[%emt 0:14:16][%mdl 1024] White has compensation.} b5 10. a4 b4 11. Bd2 Ba6 12. Be2 (12. Rc1 $11) 12... b3 13. Qc1 Ne4 14. O-O O-O 15. Bc3 f5 (15... Nxc3 16. Qxc3 Rab8 17. Rfc1 $14) 16. Rd1 Rad8 (16... Nxc3 17. Qxc3 f4 18. Rac1 $16) 17. Nd2 Rf6 (17... Nxc3 18. Qxc3 f4 19. Bf3 $16) 18. f3 Nxd2 19. Rxd2 f4 $2 {[%emt 0:09:08][%mdl 8192] This move loses the game for Black.} (19... Rb8 $11) 20. e4 $18 Qh5 21. Qf1 (21. d5 Rh6 22. dxc6 Rxd2 23. Qxd2 Qxh2+ 24. Kf2 Qh4+ 25. Kf1 Qh1+ 26. Kf2 Qh4+ 27. Kf1 Qh1+ 28. Kf2 Qh4+ $11) 21... Rh6 22. h3 Rg6 23. Kh1 (23. Bxc4 Bxc4 24. Qxc4 Qxf3 25. Qxc6 Qe3+ 26. Kf1 f3 $14) 23... Kh8 24. Bxc4 Bc8 25. Rad1 Ne7 26. Ba6 Rg3 27. Bxc8 ({Much less strong is} 27. Bc4 $6 Ng6 $18) 27... Nxc8 28. d5 e5 29. Ba5 Nb6 $2 (29... Rd7 {keeps fighting.} 30. Qb5 Re7) 30. d6 cxd6 31. Rxd6 Rxd6 32. Rxd6 {[%emt 0:00:06] [#] Intending Rd8+ and mate.} h6 33. Bxb6 axb6 34. Rxb6 {[%emt 0:00:08][%mdl 4096] Endgame Strongly threatening a5. KQR-KQR} Kh7 (34... Qf7 $142 35. a5 Qc7) 35. Rxb3 (35. a5 $142 Qf7 36. a6) 35... Qf7 36. Ra3 Qb7 37. Qe2 Rg6 38. a5 {[%emt 0:00:25][%cal Ba4a5,Ba5a6][%mdl 32] Against Rb6} Rc6 {[%emt 0:00:37] [#] ( -> ...Rc1+)} 39. Ra1 {[%emt 0:00:14] Against Rc1+. Black must now prevent a6.} Qc8 (39... Qb3 40. a6 Rc8) 40. Qf1 {[%emt 0:01:44] aiming for a6. White is clearly winning.} Qb8 41. a6 Rc7 42. b4 Ra7 43. b5 Ra8 44. Qc4 Qb6 45. Qd5 {[%emt 0:00:12] Weighted Error Value: White=0.23 (precise) /Black=0.37} 1-0